 Dungeon Crawl Stone Soup version 0.22.1-6-g1668fe2c40 (webtiles) character file.

48553 Ihlosi the Basher (level 14, -19/90 HPs)
             Began as a Kobold Fighter on Jan 29, 2019.
             Was the Champion of the Shining One.
             Killed from afar by a deep elf knight (32 damage)
             ... with a shard of ice
             ... on level 2 of the Orcish Mines on Jan 30, 2019.
             The game lasted 01:30:24 (30772 turns).

Ihlosi the Basher (Kobold Fighter)                 Turns: 30772, Time: 01:30:25

Health: -19/90     AC: 17    Str: 23    XL:     14   Next: 87%
Magic:  0/27       EV: 19    Int: 10    God:    the Shining One [******]
Gold:   275        SH: 12    Dex: 17    Spells: 17/19 levels left

rFire    . . .     SeeInvis .   b - +0 morningstar (flame)
rCold    + . .     Gourm    .   c - +0 shield
rNeg     + + +     Faith    .   J - +4 scale mail "Aschitoah" {rN+ MP+9}
rPois    .         Spirit   +   (no helmet)
rElec    .         Reflect  .   i - +1 cloak of the Curious Tables {rC+ Dex+3}
rCorr    .         Harm     .   g - +0 pair of gloves
MR       +....                  H - +0 pair of boots
Stlth    ..........             x - amulet of guardian spirit
HPRegen  0.25/turn              o - +2 ring of evasion
MPRegen  0.20/turn              Z - +5 ring of strength

@: about to teleport, slowed, glowing, studying Evocations, very slow
A: small, carnivore
a: Divine Shield, Cleansing Flame, Summon Divine Warrior, Brand Weapon With Holy
Wrath, Renounce Religion


You were on level 2 of the Orcish Mines.
You worshipped the Shining One.
The Shining One was exalted by your worship.
You were very full.

You visited 4 branches of the dungeon, and saw 21 of its levels.
You also visited: Ossuary and Bailey.

You collected 1846 gold pieces.
You spent 1571 gold pieces at shops.

Inventory:

Hand Weapons
 a - a +3 mace of freezing
 b - a +0 morningstar of flaming (weapon)
 v - a +0 arbalest
 B - a +0 blowgun
 C - a +2 mace of holy wrath
 R - a +1 whip of electrocution
 V - a +4 triple crossbow of flaming
 W - the +7 short sword "Yfehaawo" {pierce, rC+}
   (You bought it in a shop on level 2 of the Orcish Mines)

   It inflicts extra damage upon your enemies.
   It protects you from cold.
 X - the +0 scimitar of Qepharphismi {slice, *Slow MR+++ Str+3 Dex-3}
   (You bought it in a shop on level 2 of the Orcish Mines)

   It inflicts extra damage upon your enemies.
   It affects your strength (+3).
   It affects your dexterity (-3).
   It affects your resistance to hostile enchantments.
   It may slow you when you take damage.
Missiles
 e - 91 poisoned needles
 q - 24 tomahawks of returning (quivered)
 F - 120 bolts
Armour
 c - a +0 shield (worn)
 g - a +0 pair of gloves (worn)
 i - the +1 cloak of the Curious Tables (worn) {rC+ Dex+3}
   (You bought it in a shop on level 5 of the Dungeon)

   It affects your dexterity (+3).
   It protects you from cold.
 H - a +0 pair of boots (worn)
 J - the +4 scale mail "Aschitoah" (worn) {rN+ MP+9}
   (You found it on level 4 of the Lair of Beasts)

   It protects you from negative energy.
   It affects your magic capacity (+9).
 N - a +2 cloak
Jewellery
 o - a +2 ring of evasion (left hand)
 x - an amulet of guardian spirit (around neck)
 A - an uncursed ring of resist corrosion
 D - an uncursed ring of stealth
 K - a +3 ring of dexterity
 M - an uncursed ring of ice
 Z - a +5 ring of strength (right hand)
Wands
 d - a wand of flame (80)
 l - a wand of digging (15)
 t - a wand of iceblast (4)
 y - a wand of polymorph (26)
 P - a wand of enslavement (11)
Scrolls
 h - a scroll of enchant armour
 j - 10 scrolls of remove curse
 m - 3 scrolls of teleportation
 n - 3 scrolls of amnesia
 p - 3 scrolls of identify
 s - 3 scrolls of enchant weapon
 w - 3 scrolls of fog
 E - a scroll of silence
Potions
 r - a potion of curing
 u - 2 potions of cancellation
 G - 4 potions of magic
 I - a potion of lignification
 L - a potion of brilliance
 Q - a potion of invisibility
 T - 5 potions of haste
 U - 2 potions of mutation
Books
 z - a manual of Evocations
Miscellaneous
 k - a crystal ball of energy
 S - a lamp of fire
Comestibles
 f - 44 rations


   Skills:
 * Level 11.5 Fighting
 * Level 14.3 Maces & Flails
 * Level 7.7 Armour
 - Level 9.0 Dodging
 * Level 8.1 Shields
 - Level 3.0 Spellcasting
 - Level 3.0 Translocations
 - Level 3.0 Invocations
 - Level 6.0 Evocations


You had 17 spell levels left.
You knew the following spells:

 Your Spells              Type           Power        Failure   Level  Hunger
a - Blink                 Tloc           N/A          67%         2    ###....

Your spell library contained the following spells:

 Spells                   Type           Power        Failure   Level  Hunger
 Corona                   Hex            #......      91%         1    #......
 Flame Tongue             Conj/Fire      #....        91%         1    #......
 Magic Dart               Conj           #...         91%         1    #......
 Call Imp                 Summ           #.......     97%         2    ###....
 Slow                     Hex            #.......     97%         2    ###....
 Throw Flame              Conj/Fire      #.....       97%         2    ###....
 Portal Projectile        Hex/Tloc       #.....       98%         3    ###....
 Conjure Flame            Conj/Fire      #.......     99%         3    ###....
 Inner Flame              Hex/Fire       #.......     99%         3    ###....
 Mephitic Cloud           Conj/Pois/Air  #.......     99%         3    ###....
 Cause Fear               Hex            #.........   100%        4    #####..
 Leda's Liquefaction      Hex/Erth       #.........   100%        4    #####..
 Sticky Flame             Conj/Fire      #.......     100%        4    #####..
 Fireball                 Conj/Fire      #.........   100%        5    ######.


Dungeon Overview and Level Annotations

Branches:
Dungeon (13/15)            Temple (0/1) D:6            Lair (5/6) D:10
 Shoals (0/4) Lair:2       Spider (0/4) Lair:3        Slime (0/5) Lair:5
    Orc (2/2) D:12            Elf (1/3) Orc:2
 Vaults: D:13-14

Altars:
Cheibriados
Dithmenos
Elyvilon
Gozag
Kikubaaqudgha
Makhleb
Okawaru
Trog
Uskayaw
Vehumet
Zin
The Shining One

Shops:
D:5 [   D:13 (   Orc:2 =*((

Annotations:
D:10 3 runed doors
D:12 3 runed doors, Pepega's ghost, journeyman DsTm
D:13 2 runed doors
Lair:5 exclusion: oklob plant, Kirke


Innate Abilities, Weirdness & Mutations

You are small and have problems with some larger weapons.
You are carnivorous and can eat meat at any time.


Message History

Your surroundings suddenly seem different.
You block the deep elf knight's attack.
The deep elf knight hits you but does no damage.
You block the long sword of draining's attack.
The deep elf knight hits you but does no damage.
You see here a +0 troll leather armour.
As you read the scroll of teleportation, it crumbles to dust.
You feel strangely unstable.
You block the long sword of draining's attack.
The deep elf knight hits you but does no damage.
The long sword of draining barely misses you.
The deep elf knight points at you and mumbles some strange words.
The shard of ice hits you! You partially resist.
* * * LOW HITPOINT WARNING * * *
You feel better. The long sword of draining hits you.
* * * LOW HITPOINT WARNING * * *
You block the deep elf knight's attack. The long sword of draining misses you.
The deep elf knight casts a spell at you.
The shard of ice hits you! You partially resist.
You die...

...........)....##### ##..#.#....
..................#.###....#.....
.....................###..###....
....................##.##..###...
..............<...###.......#....
.............).).).#.#.....#.....
.....#...........[..[)....#......
..#.###......##..#.#[............
.#####.......#..@##.).).......#..
##.##.....#.###.(e.#))..##.......
....#....#### ##....).[..........
........#### ###...............
.#..#.#.##.## ##..............
######......# ##.............
#..#....##.## ###.#.).......#.
........#### ###...[#).........
.......## ##......>...#......


You could see a deep elf knight and a long sword of draining.

Vanquished Creatures
  An orc warlord (Orc:1)
  2 ettins
  A fire dragon (D:10)
  A hydra (Lair:2)
  3 two-headed ogres
  The ghost of Qiwudd the Slicer, a journeyman SpEn of Gozag (Lair:4)
  A centaur warrior (D:13)
  The ghost of rumpelstilzz the Fighter, a novice CeFi of Qazlal (Lair:1)
  3 orc high priests
  4 skeletal warriors
  6 orc knights
  2 deep elf magi
  4 ugly things
  6 orc sorcerers
  2 cyclopes
  A manticore (D:12)
  An ice statue (D:10)
  5 black mambas
  A centaur skeleton (D:9)
  A spiny frog (Lair:2)
  A torpor snail (Lair:3)
  A rime drake (Lair:3)
  4 komodo dragons
  A freezing wraith (D:9)
  A queen bee (D:8)
  12 trolls
  A hornet (D:10)
  Grinder (D:3)
  5 blink frogs
  7 hippogriffs
  Prince Ribbit (D:6)
  4 slime creatures
  An air elemental (Orc:2)
  A wyvern (D:9)
  A redback (Lair:3)
  A shadow (D:13)
  2 basilisks
  Grum (D:8)
  A steam dragon (D:7)
  14 yaks
  3 wargs
  An acid dragon (D:12)
  6 water moccasins
  6 porcupines
  A phantom (D:9)
  3 ice beasts
  34 orc warriors
  A sky beast (D:11)
  A necrophage (D:8)
  3 wolves (D:8)
  15 ogres
  3 black bears
  8 centaurs
  10 crocodiles
  4 big kobolds
  8 bullfrogs
  3 scorpions
  A water moccasin skeleton (D:9)
  10 wights
  14 killer bees
  2 electric eels (Lair:1)
  A howler monkey (D:11)
  6 crimson imps
  3 centaur zombies
  A bullfrog zombie (D:5)
  2 quasits
  A human zombie (Ossuary)
  8 jellies
  4 bullfrog skeletons
  18 orc priests
  A gnoll shaman (Orc:2)
  6 hounds
  Jessica (D:2)
  Terence (D:2)
  4 iguanas
  11 worker ants
  30 orc wizards
  2 hell rats (Lair:4)
  A hound skeleton (D:9)
  3 hound zombies
  3 mummies (Ossuary)
  2 worker ant zombies
  17 gnolls
  16 adders
  7 river rats (Lair:4)
  5 shadow imps
  4 oozes
  2 worms
  3 adder zombies
  7 leopard geckos
  94 orcs
  2 ball pythons (D:2)
  6 bats
  7 giant cockroaches
  A gnoll zombie (Ossuary)
  13 hobgoblins
  5 jackals
  32 kobolds
  6 quokkas
  3 frilled lizards
  8 goblins
  3 goblin zombies (Ossuary)
  3 hobgoblin zombies (Ossuary)
  2 jackal zombies (Ossuary)
  6 kobold zombies (Ossuary)
  A leopard gecko skeleton (D:4)
  A leopard gecko zombie (D:6)
  4 orc zombies (Ossuary)
  8 quokka zombies (Ossuary)
  12 rats
  4 rat zombies (Ossuary)
636 creatures vanquished.

Vanquished Creatures (others)
  An orc wizard (Orc:1)
  7 fungi
  13 plants
  9 toadstools (D:5)
30 creatures vanquished.

Grand Total: 666 creatures vanquished

Notes
Turn   | Place    | Note
-------+----------+-------------------------------------------
     0 | D:1      | Ihlosi the Kobold Fighter began the quest for the Orb.
     0 | D:1      | Reached XP level 1. HP: 14/14 MP: 1/1
   395 | D:1      | Reached XP level 2. HP: 19/19 MP: 2/2
  1108 | D:1      | Reached skill level 2 in Maces & Flails
  1239 | D:2      | Found a hide-covered altar of Uskayaw.
  1240 | D:2      | Noticed a dagger
  1241 | D:2      | Noticed a dagger
  1290 | D:2      | Reached XP level 3. HP: 18/23 MP: 3/3
  1299 | D:2      | Noticed Terence
  1320 | D:2      | Killed Terence
  1321 | D:2      | Reached XP level 4. HP: 19/29 MP: 4/4
  1343 | D:2      | Reached skill level 1 in Dodging
  1866 | D:2      | Noticed Jessica
  1877 | D:2      | Killed Jessica
  1877 | D:2      | Reached skill level 3 in Maces & Flails
  1877 | D:2      | Reached XP level 5. HP: 29/33 MP: 5/5
  2163 | D:2      | Learned a level 2 spell: Blink
  2225 | D:2      | Found an opulent altar of Gozag.
  2226 | D:2      | Found a glowing silver altar of Zin.
  2596 | D:3      | Found a glowing golden altar of the Shining One.
  2615 | D:3      | Became a worshipper of the Shining One
  3164 | D:3      | Reached XP level 6. HP: 38/38 MP: 6/6
  3224 | D:3      | Reached skill level 1 in Evocations
  3358 | D:3      | Noticed Grinder
  3362 | D:3      | Paralysed by Grinder for 2 turns
  3374 | D:3      | Killed Grinder
  3374 | D:3      | Reached skill level 4 in Maces & Flails
  3374 | D:3      | Reached XP level 7. HP: 36/44 MP: 6/8
  3398 | D:3      | Found a faded altar of an unknown god.
  4293 | D:4      | Found a burning altar of Makhleb.
  4294 | D:4      | Found a radiant altar of Vehumet.
  4469 | D:5      | Entered Level 5 of the Dungeon
  4564 | D:5      | Reached * piety under the Shining One
  4584 | D:5      | Reached XP level 8. HP: 37/48 MP: 9/9
  4641 | D:5      | Found a sand-covered staircase.
  4645 | Ossuary  | Entered an ossuary
  4664 | Ossuary  | Reached skill level 5 in Maces & Flails
  4710 | Ossuary  | Reached ** piety under the Shining One
  4937 | Ossuary  | Reached *** piety under the Shining One
  5044 | Ossuary  | Reached **** piety under the Shining One
  5132 | D:5      | Found Siarihoj's Armour Shoppe.
  5288 | D:5      | Reached skill level 5 in Fighting
  5355 | D:5      | Reached skill level 6 in Maces & Flails
  5373 | D:5      | Noticed a slime creature
  5373 | D:5      | Noticed a slime creature
  6036 | D:6      | Noticed Prince Ribbit
  6698 | D:6      | Killed Prince Ribbit
  6698 | D:6      | Reached XP level 9. HP: 44/54 MP: 11/11
  6776 | D:5      | Reached skill level 7 in Maces & Flails
  7834 | D:6      | Found a staircase to the Ecumenical Temple.
  9435 | D:7      | Found a bloodstained altar of Trog.
  9440 | D:7      | Reached skill level 8 in Maces & Flails
  9440 | D:7      | Reached XP level 10. HP: 60/60 MP: 12/12
  9735 | D:7      | Reached skill level 5 in Armour
  9962 | D:8      | Noticed Grum
  9990 | D:8      | Reached skill level 5 in Dodging
 10007 | D:8      | Killed Grum
 10167 | D:8      | Reached skill level 5 in Shields
 10644 | D:8      | Reached skill level 9 in Maces & Flails
 11665 | D:8      | Found a bloodstained altar of Trog.
 11950 | D:9      | Noticed a two-headed ogre
 11976 | D:9      | Killed a two-headed ogre
 11976 | D:9      | Reached XP level 11. HP: 14/67 MP: 13/13
 12051 | D:9      | Found a flagged portal.
 12231 | Bailey   | Entered a bailey
 12513 | Bailey   | Found a burning altar of Makhleb.
 12624 | D:9      | Reached ***** piety under the Shining One
 12718 | D:9      | Got a faintly humming ring mail
 12903 | D:9      | Reached skill level 10 in Maces & Flails
 13434 | D:9      | Found an ancient bone altar of Kikubaaqudgha.
 13436 | D:9      | Found a snail-covered altar of Cheibriados.
 13469 | D:9      | Found a white marble altar of Elyvilon.
 13669 | D:10     | Entered Level 10 of the Dungeon
 13669 | D:10     | Noticed a two-headed ogre
 13772 | D:9      | Killed a two-headed ogre
 14065 | D:10     | Noticed a cyclops
 14068 | D:10     | Noticed a skeletal warrior
 14165 | D:9      | Found a shadowy altar of Dithmenos.
 14501 | D:10     | You fall through a shaft for 3 floors!
 14532 | D:13     | Identified the +2 ring mail of the Ten Places {rPois MR-
                  | Int-3 Stlth+} (You found it on level 9 of the Dungeon)
 14549 | D:13     | Noticed a deep elf mage
 14557 | D:13     | Killed a deep elf mage
 14704 | D:13     | Noticed a centaur warrior
 14719 | D:13     | Killed a centaur warrior
 14719 | D:13     | Reached skill level 11 in Maces & Flails
 14812 | D:13     | Found Yfoul's Weapon Emporium.
 14812 | D:13     | Found a large runed door.
 14812 | D:13     | Found a large runed door.
 14967 | D:10     | Noticed a cyclops
 14993 | D:10     | Killed a cyclops
 15058 | D:10     | Reached XP level 12. HP: 31/75 MP: 14/14
 15440 | D:10     | Found a staircase to the Lair.
 15717 | D:10     | Found a runed gate.
 15717 | D:10     | Found a runed gate.
 15717 | D:10     | Found a runed gate.
 15725 | D:10     | Noticed a glowing orange brain
 16187 | D:10     | Noticed a fire dragon
 16455 | D:10     | Killed a fire dragon
 16455 | D:10     | Reached skill level 12 in Maces & Flails
 16473 | D:10     | Killed a skeletal warrior
 16473 | D:10     | Reached skill level 1 in Invocations
 16931 | Lair:1   | Entered Level 1 of the Lair of Beasts
 16993 | Lair:1   | Reached skill level 1 in Spellcasting
 16993 | Lair:1   | Reached skill level 1 in Translocations
 17213 | Lair:1   | Found a runed door.
 17213 | Lair:1   | Noticed rumpelstilzz's ghost (novice CeFi)
 18129 | Lair:2   | Found a staircase to the Shoals.
 18293 | Lair:2   | Noticed a four-headed hydra
 18303 | Lair:2   | Killed a four-headed hydra
 19104 | Lair:2   | Reached XP level 13. HP: 40/82 MP: 13/16
 19941 | Lair:3   | Found a hole to the Spider Nest.
 20080 | Lair:3   | Reached skill level 10 in Fighting
 20524 | Lair:4   | Found a large runed door.
 20524 | Lair:4   | Found a large runed door.
 20536 | Lair:4   | Found a glowing golden altar of the Shining One.
 21549 | Lair:4   | Noticed Qiwudd's ghost (journeyman SpEn)
 21717 | Lair:4   | Got a heavily runed scale mail
 21718 | Lair:4   | Identified the +4 scale mail "Aschitoah" {rN+ MP+9} (You
                  | found it on level 4 of the Lair of Beasts)
 21743 | Lair:5   | Noticed Kirke
 21765 | Lair:5   | Found a staircase to the Slime Pits.
 21765 | Lair:5   | Reached ****** piety under the Shining One
 22508 | D:5      | Found Siarihoj's Armour Shoppe.
 23218 | D:5      | Bought the +1 cloak of the Curious Tables {rC+ Dex+3} for
                  | 447 gold pieces
 23762 | D:11     | Reached skill level 5 in Evocations
 24520 | D:12     | Reached skill level 13 in Maces & Flails
 24911 | D:12     | Found a staircase to the Orcish Mines.
 25032 | D:12     | Found a runed gate.
 25032 | D:12     | Found a runed gate.
 25034 | D:12     | Found a runed gate.
 25036 | D:12     | Noticed Pepega's ghost (journeyman DsTm)
 25037 | D:12     | Noticed a merfolk impaler
 25038 | D:12     | Found an iron altar of Okawaru.
 25038 | D:12     | Noticed a naga warrior
 26104 | D:13     | Noticed a vault guard
 26136 | Orc:1    | Entered Level 1 of the Orcish Mines
 26249 | D:12     | Reached XP level 14. HP: 88/88 MP: 18/18
 26533 | Orc:2    | Entered Level 2 of the Orcish Mines
 26562 | Orc:1    | Noticed an orc warlord
 26681 | Orc:1    | Killed an orc warlord
 27695 | Lair:1   | Killed rumpelstilzz's ghost
 27773 | Lair:4   | Killed Qiwudd's ghost
 28340 | Orc:2    | Found a staircase to the Elven Halls.
 28537 | Orc:1    | Reached skill level 14 in Maces & Flails
 30181 | Orc:2    | Found Huehok's Jewellery Shoppe.
 30181 | Orc:2    | Found Taorgh's Antique Weapon Boutique.
 30194 | Orc:2    | Found Alintock's Assorted Antiques.
 30194 | Orc:2    | Found Xacuelauf's Weapon Boutique.
 30593 | Orc:2    | Bought a scroll of identify for 54 gold pieces
 30598 | Orc:2    | Bought a +4 triple crossbow of flaming for 560 gold pieces
 30600 | Orc:2    | Bought a slimy short sword for 240 gold pieces
 30600 | Orc:2    | Bought a translucent scimitar for 270 gold pieces
 30600 | Orc:2    | Identified the +7 short sword "Yfehaawo" {pierce, rC+} (You
                  | bought it in a shop on level 2 of the Orcish Mines)
 30601 | Orc:2    | Identified the cursed +0 scimitar of Qepharphismi {slice,
                  | *Slow MR+++ Str+3 Dex-3} (You bought it in a shop on level
                  | 2 of the Orcish Mines)
 30660 | Elf:1    | Entered Level 1 of the Elven Halls
 30772 | Orc:2    | Killed from afar by a deep elf knight

Skill      XL: |  1  2  3  4  5  6  7  8  9 10 11 12 13 14 |
---------------+-------------------------------------------+-----
Maces & Flails | 2 3 4 6 8 9 11 12 13 14 | 14.3
Dodging        | 1 2 3 4 5 7 8 9 |  9.0
Armour         | 3 4 5 6 7 |  7.7
Shields        | 3 4 5 6 7 8 |  8.1
Fighting       | 4 5 6 7 8 9 10 11 | 11.5
Evocations     | 1 2 3 4 5 6 |  6.0
Invocations    | 2 3 |  3.0
Spellcasting   | 1 3 |  3.0
Translocations | 1 3 |  3.0

Action                   |  1- 3 |  4- 6 |  7- 9 | 10-12 | 13-15 || total
-------------------------+-------+-------+-------+-------+-------++-------
Melee: Flail             |    68 |   198 |   478 |   277 |       ||  1021
       Mace              |       |       |     2 |   557 |   237 ||   796
       Morningstar       |       |       |       |       |   746 ||   746
 Fire: Blowgun           |       |       |       |       |     7 ||     7
Throw: Tomahawk          |       |       |       |     1 |       ||     1
Evoke: Wand              |       |       |     1 |    39 |    18 ||    58
       Lamp of fire      |       |       |       |       |     1 ||     1
       Box of beasts     |       |       |       |       |     1 ||     1
  Use: Potion            |     1 |     4 |     1 |     4 |     5 ||    15
       Scroll            |       |     2 |     7 |    15 |    10 ||    34
  Eat: Chunk             |     8 |     9 |    19 |    29 |    39 ||   104
Armor: Scale mail        |    39 |    62 |    99 |       |   137 ||   337
       Plate armour      |       |       |    21 |   385 |    55 ||   461
Dodge: Dodged            |    35 |    68 |   179 |   334 |   444 ||  1060
Block: Shield            |    33 |    94 |   190 |   448 |   470 ||  1235
